 Dungeon Crawl Stone Soup version 0.30.1 (webtiles) character file.

Game seed: 4237579827869234248

78 Graphine the Ducker (level 4, 0/32 (34) HPs)
             Began as a Merfolk Gladiator on July 6, 2023.
             Slain by Crazy Yiuf
             ... wielding a +4 quarterstaff of chaos
              (5 damage)
             ... on level 2 of the Dungeon.
             The game lasted 00:02:18 (1387 turns).

Graphine the Ducker (Merfolk Gladiator)             Turns: 1387, Time: 00:02:18

HP:   0/32 (34)     AC:  4    Str: 16    XL:     4   Next: 36%
MP:   4/4           EV: 14    Int:  7    God:
Gold: 40            SH:  0    Dex: 15    Spells: 3/3 levels left

rFire   . . .        a - +0 trident
rCold   . . .        (no shield)
rNeg    . . .        b - +0 leather armour
rPois   +            c - +0 helmet
rElec   .            (no cloak)
rCorr   .            (no gloves)
SInv    .            (no boots)
Will    .....        (no amulet)
Stlth   +            f - ring of poison resistance
HPRegen 0.25/turn    (no ring)
MPRegen 0.09/turn

%: no passive effects
@: drained
A: (nimble swimmer 2), mertail
a: no special abilities


You were on level 2 of the Dungeon.
You visited 1 branch of the dungeon, and saw 2 of its levels.

You collected 40 gold pieces.

Inventory:

Hand Weapons
 a - a +0 trident (weapon)
Armour
 b - a +0 leather armour (worn)
 c - a +0 helmet (worn)
Jewellery
 f - a ring of poison resistance (left hand)
Scrolls
 g - a scroll of amnesia {unknown}
Potions
 h - 3 potions of curing


   Skills:
 + Level 2.8 Fighting
 * Level 5.0 Polearms
 + Level 2.5 Throwing
 * Level 5.1 Dodging


You had 3 spell levels left.
You didn't know any spells.
Your spell library was empty.

Dungeon Overview and Level Annotations

Branches:
Dungeon (2/15)

Altars:

Annotations:
D:2 Crazy Yiuf


Innate Abilities, Weirdness & Mutations

((You are very nimble when in or above water. (Stealth+, EV+, Speed+++)))
Your lower body shifts to a powerful aquatic tail in water.


Message History

Aim: Crazy Yiuf, wielding a +4 quarterstaff of chaos and wearing a +0 cloak (moderately wounded, entangled in a net, about 7% to evade your +0 trident)
You hit Crazy Yiuf.
Crazy Yiuf is heavily wounded.
Crazy Yiuf struggles against the net.
The net rips apart, and Crazy Yiuf comes free!
Reach: a) +0 trident
Press: ? - help, Dir - move target, f/p - Crazy Yiuf
Aim: Crazy Yiuf, wielding a +4 quarterstaff of chaos and wearing a +0 cloak (heavily wounded, about 36% to evade your +0 trident)
You hit Crazy Yiuf but do no damage.
Crazy Yiuf is heavily wounded.
Crazy Yiuf misses you.
Throw: javelin
Press: ? - help, Shift-Dir - straight line, f/p - Crazy Yiuf
Aim: Crazy Yiuf, wielding a +4 quarterstaff of chaos and wearing a +0 cloak (heavily wounded, 64% to hit)
You throw a javelin. The javelin closely misses Crazy Yiuf.
Crazy Yiuf barely misses you.
Crazy Yiuf laughs, "Millenium!"
Crazy Yiuf hits you with a +4 quarterstaff of chaos!
You feel drained.
Okay, then.
It was a potion of curing.
You feel better. Crazy Yiuf barely misses you.
It was a potion of heal wounds.
You feel much better. Crazy Yiuf barely misses you.
Reach: a) +0 trident
Press: ? - help, Dir - move target, f/p - Crazy Yiuf
Aim: Crazy Yiuf, wielding a +4 quarterstaff of chaos and wearing a +0 cloak (heavily wounded, about 36% to evade your +0 trident)
You hit Crazy Yiuf but do no damage. You punch Crazy Yiuf, but do no damage.
Crazy Yiuf is heavily wounded.
Crazy Yiuf hits you with a +4 quarterstaff of chaos!
Crazy Yiuf freezes you.
Reach: a) +0 trident
Press: ? - help, Dir - move target, f/p - Crazy Yiuf
Aim: Crazy Yiuf, wielding a +4 quarterstaff of chaos and wearing a +0 cloak (heavily wounded, about 36% to evade your +0 trident)
You hit Crazy Yiuf.
Crazy Yiuf is almost dead.
Crazy Yiuf says, "Race unthinkable testudinal!"
Crazy Yiuf hits you with a +4 quarterstaff of chaos!
* * * LOW HITPOINT WARNING * * *
Crazy Yiuf burns you.
You die...

######
..#..###
#####
..#....#
#)(.#
..#..####
#.g.#
##..#...#
#.@.#
#...#.†.#
##'##
#..###..##
♣.♣♣
..#...#..#
♣♣.♣
..#...#..#
♣.♣♣
..#...##.#
♣♣.♣
##.###..##
♣♣.♣♣
........####
♣♣^..♣
##.###..#..#
♣....♣


You could see Crazy Yiuf.

Vanquished Creatures
  Natasha (D:2)
  A gnoll (D:1)
  An adder (D:2)
  4 dart slugs
  2 endoplasms
  2 goblins
  A hobgoblin (D:1)
  3 kobolds (D:1)
  2 quokkas (D:1)
  3 ball pythons (D:1)
  3 bats (D:1)
  2 frilled lizards (D:1)
  2 rats
27 creatures vanquished.

Notes
Turn   | Place    | Note
-------+----------+-------------------------------------------
     0 | D:1      | Graphine the Merfolk Gladiator began the quest for the Orb.
     0 | D:1      | Reached XP level 1. HP: 16/16 MP: 1/1
   163 | D:1      | Reached XP level 2. HP: 20/23 MP: 2/2
   637 | D:1      | Reached XP level 3. HP: 14/28 MP: 3/3
  1290 | D:2      | Noticed Natasha
  1295 | D:2      | Killed Natasha
  1296 | D:2      | Reached skill level 5 in Polearms
  1296 | D:2      | Reached skill level 5 in Dodging
  1296 | D:2      | Reached XP level 4. HP: 27/34 MP: 4/4
  1369 | D:2      | Found a runed translucent door.
  1370 | D:2      | Noticed Crazy Yiuf
  1387 | D:2      | Slain by Crazy Yiuf

Illustrated notes

Levels and vault maps discovered:
D:1:      ncdulo_halloftheorcs, layout_loops_corners, minmay_shallow_snake_nest
D:2:      layout_basic, nicolae_titane, uniq_natasha, uniq_crazy_yiuf_cottage

Skill      XL: |  1  2  3 |
---------------+----------+-----
Polearms       | 5 |  5.0
Dodging        | 5 |  5.1
Fighting       | |  2.8
Throwing       | |  2.5

Action                     |  1- 3 |  4- 6 || total
---------------------------+-------+-------++-------
  Melee: Trident           |    75 |     8 ||    83
         Punch             |       |     1 ||     1
  Throw: Throwing net      |     1 |     2 ||     3
         Javelin           |       |     1 ||     1
    Use: Scroll            |     1 |       ||     1
         Potion            |       |     2 ||     2
   Stab: Held in net/web   |     1 |       ||     1
 Armour: Leather armour    |    12 |       ||    12
  Dodge: Dodged            |    25 |     5 ||    30
